 Dungeon Crawl Stone Soup version 0.28-a0-643-g84cb2ea78e (webtiles) character file.

Game seed: 12380578414550022773

25 SkeletonJelly the Magician (level 3, -2/25 HPs)
             Began as a Djinni Conjurer on Oct 10, 2021.
             Slain by a gnoll (7 damage)
             ... on level 2 of the Dungeon.
             The game lasted 00:01:51 (1339 turns).

SkeletonJelly the Magician (Djinni Conjurer)        Turns: 1339, Time: 00:01:52

Health: -2/25      AC:  3    Str:  6    XL:     3   Next: 20%
Gold:   28         EV: 12    Int: 20    God:
                   SH:  0    Dex: 11

rFire   + + .      SeeInvis .   (no weapon)
rCold   x . .      Faith    .   (no shield)
rNeg    . . .      Spirit   .   a - +0 robe
rPois   ∞          Reflect  .   (no helmet)
rElec   .          Harm     .   c - +0 cloak {Will+}
rCorr   .          Rampage  .   (no gloves)
Will    ++...                   (boots unavailable)
Stlth   ++........              (no amulet)
HPRegen 0.08/turn               d - ring of willpower
MPRegen 0.00/turn               (no ring)

@: flying
A: sickness immunity, fire resistance 2, cold vulnerability 1, float, innate
caster, hp casting, extra vitality 1
a: no special abilities


You were on level 2 of the Dungeon.
You visited 1 branch of the dungeon, and saw 2 of its levels.

You collected 28 gold pieces.

Inventory:

Armour
 a - a +0 robe (worn)
 c - a +0 cloak of willpower (worn)
Jewellery
 d - a ring of willpower (left hand)
Scrolls
 b - a scroll of identify {unknown}


   Skills:
 - Level 2.2 Dodging
 - Level 1.6 Stealth
 + Level 3.9 Spellcasting


You couldn't memorise any spells.
You knew the following spells:

 Your Spells              Type           Power      Damage    Failure   Level
a - Magic Dart            Conj           76%        1d6       2%          1
b - Summon Small Mammal   Summ           76%        N/A       2%          1
d - Iskenderun's Mystic   Conj/Tloc      19%        2d6       26%         4
q - Fulminant Prism       Conj/Hex       9%         3d7       26%         4
s - Searing Ray           Conj           38%        2d5       3%          2
x - Dazzling Flash        Conj/Hex       38%        N/A       8%          3
Your spell library was empty.

Dungeon Overview and Level Annotations

Branches:
Dungeon (2/15)

Altars:


Innate Abilities, Weirdness & Mutations

You are immune to sickness and miasma.
You are immune to poison.
Your flesh is very heat resistant. (rF++)
You are vulnerable to cold. (rC-)
You float through the air rather than walking.
You learn spells naturally, not from books.
Your magical power is your life essence.
You have superior vitality. (+4 HP)


Message History

Key pressed, stopping explore.
Key pressed, stopping explore.
Key pressed, stopping explore.
Key pressed, stopping explore.
Key pressed, stopping explore.
You see here 15 stones.
Key pressed, stopping explore.
Done exploring.
Health restored: 25 Done exploring.
Done exploring.
Done exploring.
Done exploring.
Done exploring.
Done exploring.
Search for what [? for help]? ..
You start putting on your armour.
You continue putting on your +0 cloak of willpower. x4
You finish putting on your +0 cloak of willpower.
You feel strong-willed.
Done exploring.
Done exploring.
Done exploring.
Search for what [Enter for "..", or ? for help]? .
You see here 15 stones.
There is a stone staircase leading down here.
You fly downwards.
Found 21 stones.
There is a stone staircase leading up here.
Found a stone staircase leading up.
A giant cockroach comes into view.
A giant cockroach is nearby!
A giant cockroach is nearby!
A giant cockroach is nearby!
You can't see any susceptible monsters within range! (Use Z to cast anyway.)
You can't see any susceptible monsters within range! (Use Z to cast anyway.)
You can't see any susceptible monsters within range! (Use Z to cast anyway.)
A rat comes into view.
You see here a ring of willpower.
The magic dart hits the rat.
The rat is moderately wounded.
You take 1 damage, and have 24/25 hp.
The magic dart hits the rat.
You kill the rat!
You take 1 damage, and have 23/25 hp.
You can't see any susceptible monsters within range! (Use Z to cast anyway.)
You can't see any susceptible monsters within range! (Use Z to cast anyway.)
You can't see any susceptible monsters within range! (Use Z to cast anyway.)
You can't see any susceptible monsters within range! (Use Z to cast anyway.)
You can't see any susceptible monsters within range! (Use Z to cast anyway.) HP restored.
d - a ring of willpower Health restored: 25
d - a ring of willpower (left hand)
A rat comes into view.
A rat is nearby!
A rat is nearby!
A rat is nearby!
A rat is nearby!
A rat is nearby!
The magic dart hits the rat.
The rat is heavily wounded.
A gnoll comes into view. It is wielding a +0 whip.
You take 1 damage, and have 24/25 hp.
The magic dart hits the rat.
You kill the rat!
The gnoll shouts!
You take 1 damage, and have 23/25 hp.
The magic dart hits the gnoll but does no damage.
You take 1 damage, and have 22/25 hp.
The magic dart hits the gnoll.
The gnoll is moderately wounded.
A gnoll comes into view. It is wielding a +0 spear.
You take 1 damage, and have 21/25 hp.
The magic dart hits the gnoll.
The gnoll is severely wounded.
The gnoll shouts!
A gnoll comes into view. It is wielding a +0 club.
You take 1 damage, and have 20/25 hp.
The magic dart hits the gnoll but does no damage.
The gnoll is severely wounded.
The gnoll shouts!
The gnoll throws a throwing net.
The throwing net hits you.
You become entangled in the net!
You take 1 damage, and have 19/25 hp.
You struggle against the net.
You tear a large gash into the net.
The giant cockroach bites you.
You take 1 damage, and have 18/25 hp.
You struggle against the net.
The giant cockroach bites you but does no damage.
The gnoll hits you with a +0 whip! The giant cockroach barely misses you.
You take 9 damage, and have 9/25 hp.
MASSIVE DAMAGE!!
You rip the net and break free!
The gnoll hits you with a +0 whip.
* * * LOW HITPOINT WARNING * * *
The gnoll completely misses you. The giant cockroach closely misses you.
You take 4 damage, and have 5/25 hp.
The gnoll throws a throwing net.
The throwing net barely misses you. The giant cockroach barely misses you.
The gnoll hits you from afar with a +0 spear!
You die...

#. #.P♣ ...#
##.##.P♣♣P...
#..(....P.# # ..
#.....P.P##.... ...
#...................
#...<..########.....
#......#####P.....<.
##..........P.P.....
#.@######..P♣♣...
##.B....##.♣P.♣
#(gg...###.♣
#..g...# ##P......
#.................
#...............#.
#.................
#.##.....$...###..
.♣.♣.♣......## .


You could see 3 gnolls and a giant cockroach.

Vanquished Creatures
  A dart slug (D:1)
  2 ball pythons (D:1)
  4 bats (D:1)
  3 endoplasms (D:1)
  A giant cockroach (D:1)
  3 hobgoblins (D:1)
  2 quokkas (D:1)
  2 frilled lizards (D:1)
  5 rats
23 creatures vanquished.

Notes
Turn   | Place    | Note
-------+----------+-------------------------------------------
     0 | D:1      | SkeletonJelly the Djinni Conjurer began the quest for the
                  | Orb.
     0 | D:1      | Reached XP level 1. HP: 15/15 MP: 0/0
    65 | D:1      | Found a faded altar of an unknown god.
   257 | D:1      | Reached XP level 2. HP: 20/21 MP: 0/0
   817 | D:1      | Reached XP level 3. HP: 22/25 MP: 0/0
   817 | D:1      | Learned a level 1 spell: Summon Small Mammal
  1339 | D:2      | Slain by a gnoll

Illustrated notes

Levels and vault maps discovered:
D:1:      dpeg_arrival_signposts, layout_basic, dreamdust_ecumenical_altar_grove
D:2:      layout_rooms, serial_forest, infiniplex_forest_straight_3,
          infiniplex_forest_straight_2, infiniplex_forest_end_3,
          infiniplex_forest_lined_3_way, infiniplex_forest_clump_large,
          infiniplex_forest_clump_small, infiniplex_forest_lined_2,
          infiniplex_forest_clump_small

Action                   || total
-------------------------++-------
 Cast: Magic Dart        ||    46
Armor: Robe              ||     1
Dodge: Dodged            ||     8

Table legend: (Time is in decaauts)
 A = Elapsed time spent in this place.
 B = Non-inter-level travel time spent in this place.
 C = Inter-level travel time spent in this place.
 D = Time resting spent in this place.
 E = Time spent auto-exploring this place.
 F = Levels seen in this place.
 G = Mean time per level.
                   A        B        C        D        E       F      G
               +--------+--------+--------+--------+--------+-----+--------+
         Total |   1338 |   1290 |     48 |      0 |   1192 |   2 |  669.0 |
       Dungeon |   1338 |   1290 |     48 |      0 |   1192 |   2 |  669.0 |
               +--------+--------+--------+--------+--------+-----+--------+

Top non-repeatable levels by time:
     D:1: 1271 daAuts
     D:2: 67 daAuts
